 Dungeon Crawl Stone Soup version 0.28.0-53-g5a82cb258f (webtiles) character file.

Game seed: 16177486992729810828

2373 SanguineChosen the Shield-Bearer (level 9, -7/55 HPs)
             Began as a Gargoyle Fighter on July 19, 2022.
             Mangled by Harold
             ... wielding a +0 glaive
              (10 damage)
             ... on level 7 of the Dungeon.
             The game lasted 00:23:58 (6664 turns).

SanguineChosen the Shield-Bearer (Gargoyle Fighter) Turns: 6664, Time: 00:23:59

Health: -7/55      AC: 19    Str: 25    XL:     9   Next: 45%
Magic:  9/9        EV: 10    Int:  8    God:
Gold:   123        SH: 11    Dex:  9    Spells: 8/8 levels left

rFire   + + +      SeeInvis .   l - +2 mace (protect)
rCold   + + +      Faith    .   e - +2 shield of Resistance {rF++ rC++ Will++}
rNeg    + . .      Spirit   .   g - +3 ring mail of Rucw {rC+ Will+ rCorr}
rPois   ∞          Reflect  .   (no helmet)
rElec   +          Harm     .   x - scarf {rC+ rF+}
rCorr   +          Rampage  .   i - +2 pair of gloves {hurl}
Will    +++..                   (no boots)
Stlth   +.........              (no amulet)
HPRegen 0.18/turn               h - ring of protection from cold
MPRegen 0.11/turn               (no ring)

@: no status effects
A: sickness immunity, AC +6, negative energy resistance 1, electricity
resistance, torment resistance 1, petrification resistance
a: no special abilities


You were on level 7 of the Dungeon.
You visited 1 branch of the dungeon, and saw 7 of its levels.

You collected 1343 gold pieces.
You spent 1220 gold pieces at shops.

Inventory:

Hand Weapons
 a - a +0 flail of flaming
 f - a +1 whip of freezing
 l - a +2 mace of protection (weapon)
Missiles
 j - 8 poisoned darts (quivered)
Armour
 e - the +2 shield of Resistance (worn) {rF++ rC++ Will++}
   (You bought it in a shop on level 2 of the Dungeon)

   rF:        It greatly protects you from fire.
   rC:        It greatly protects you from cold.
   Will:      It greatly increases your willpower.
 g - the +3 ring mail of Rucw (worn) {rC+ Will+ rCorr}
   (You bought it in a shop on level 2 of the Dungeon)

   rC:        It protects you from cold.
   rCorr:     It protects you from acid and corrosion.
   Will:      It increases your willpower.
 i - a +2 pair of gloves of hurling (worn)
 x - a scarf of resistance (worn)
Jewellery
 h - a ring of protection from cold (left hand)
Wands
 n - a wand of digging (2)
 p - a wand of polymorph (8)
Scrolls
 b - 2 scrolls of fear
 v - a scroll of teleportation
Potions
 c - a potion of berserk rage
 d - 2 potions of might
 k - 2 potions of curing
 m - a potion of flight
 r - a potion of resistance
 s - 3 potions of lignification


   Skills:
 + Level 5.6 Fighting
 + Level 7.3 Maces & Flails
 + Level 0.9 Throwing
 + Level 6.6 Armour
 + Level 3.2 Dodging
 + Level 1.3 Stealth
 + Level 7.4 Shields


You had 8 spell levels left.
You didn't know any spells.
Your spell library contained the following spells:

 Spells                   Type           Power      Damage    Failure   Level
 Magic Dart               Conj           0%         1d3       85%         1
 Call Imp                 Summ           0%         N/A       94%         2
 Ensorcelled Hibernation  Hex/Ice        0%         N/A       94%         2
 Mephitic Cloud           Conj/Pois/Air  0%         N/A       99%         3
 Spider Form              Tmut/Pois      0%         N/A       99%         3
 Anguish                  Hex/Necr       0%         N/A       100%        4


Dungeon Overview and Level Annotations

Branches:
Dungeon (7/15)             Temple (0/1) D:4

Altars:
Hepliaklqana
Ru
Uskayaw
Wu Jian
Xom

Shops:
D:2 [

Annotations:
D:5 1 runed translucent door
D:7 Harold


Innate Abilities, Weirdness & Mutations

You are immune to sickness and miasma.
Your stone body is resilient. (AC +6)
You are immune to poison.
You resist negative energy. (rN+)
You are resistant to electric shocks. (rElec)
You are resistant to unholy torment.
You are immune to petrification.


Message History

You hit Harold.
Harold is severely wounded.
You block Harold's attack.
You thump Harold!
Harold is severely wounded.
Harold hits you with a +0 glaive!
You hit Harold.
Harold is almost dead.
Harold points at you and mumbles some strange words.
You resist with some effort.
You hit Harold but do no damage.
Harold is almost dead.
Harold hits you but does no damage.
You sock Harold!
Harold is almost dead.
Harold hits you with a +0 glaive!
* * * LOW HITPOINT WARNING * * *
Harold hits you but does no damage. You block Harold's attack.
Harold points at you and mumbles some strange words.
You resist with some effort. Harold fires a harpoon shot at you.
The harpoon shot misses you.
Throw: 9 darts (poison)
Press: ? - help, Q - select action, (/) - cycle Shift-Dir - straight line, f - Harold
Aim: Harold, wielding a +0 glaive, wearing a +0 scale mail and quivering a throwing net (almost dead, 72% to hit)
You throw a poisoned dart. The poisoned dart hits Harold.
Harold is poisoned.
Harold is almost dead.
Harold gestures at you while chanting. You resist with some effort.
Harold fires a harpoon shot at you. The harpoon shot hits you!
* * * LOW HITPOINT WARNING * * *
You are yanked forward by the harpoon shot.
You block Harold's attack. You block Harold's attack.
Harold closely misses you.
Harold looks more healthy.
Harold hits you from afar with a +0 glaive!
You die...

..#####.≈≈≈≈≈≈≈≈≈≈≈≈
......#.≈≈≈≈≈≈≈≈≈≈≈≈
..............@ ...
#######.####### #.
#.###########.
#.##.........#
#####(..........(#
#..@...#.........#
#@####.#.........#
#.# #.#.........#
#.# #.#.........#
#.# #.....#######
..# ####### ### #


You could see Harold.

Vanquished Creatures
  Pikel (D:5)
  Grinder (D:6)
  Sigmund (D:3)
  A water moccasin (D:6)
  A black bear (D:3)
  A centaur (D:6)
  A kobold brigand (D:6)
  8 scorpions
  A water moccasin zombie (D:6)
  2 killer bees (D:5)
  2 jellies (D:5)
  A centaur zombie (D:6)
  An orc priest (D:4)
  Crazy Yiuf (D:3)
  2 hounds
  A gnoll shaman (D:5)
  An iguana (D:4)
  Ijyb (D:3)
  An orc wizard (D:5)
  A killer bee zombie (D:6)
  A howler monkey skeleton (D:7)
  4 gnolls
  9 adders
  A white imp (D:6)
  2 worms
  3 dart slugs
  9 orcs
  6 endoplasms
  8 giant cockroaches
  7 goblins
  6 hobgoblins
  4 jackals (D:3)
  5 quokkas
  8 ball pythons
  A bat (D:2)
  4 frilled lizards
  12 kobolds
  3 rats
123 creatures vanquished.

Notes
Turn   | Place    | Note
-------+----------+-------------------------------------------
     0 | D:1      | SanguineChosen the Gargoyle Fighter began the quest for the
                  | Orb.
     0 | D:1      | Reached XP level 1. HP: 14/14 MP: 1/1
   113 | D:1      | Found a faded altar of an unknown god.
   153 | D:1      | Reached XP level 2. HP: 16/19 MP: 2/2
  1243 | D:2      | Reached XP level 3. HP: 24/24 MP: 3/3
  1317 | D:2      | Reached XP level 4. HP: 25/29 MP: 4/4
  1559 | D:2      | Found Yratev's Antique Armour Emporium.
  2072 | D:2      | Identified a scroll of acquirement
  2072 | D:2      | Acquired 977 gold pieces
  2153 | D:2      | Bought the +2 shield of Resistance {rF++ rC++ Will++} for
                  | 973 gold pieces
  2153 | D:2      | Found the +2 shield of Resistance {rF++ rC++ Will++}
  2388 | D:2      | Bought a pair of embroidered gloves for 112 gold pieces
  2516 | D:3      | Noticed Sigmund
  2544 | D:3      | Killed Sigmund
  2545 | D:3      | Reached XP level 5. HP: 29/33 MP: 5/5
  2545 | D:3      | Reached XP level 6. HP: 33/38 MP: 6/6
  2666 | D:3      | Noticed Ijyb
  2683 | D:3      | Killed Ijyb
  2836 | D:3      | Found a shimmering altar of Xom.
  2837 | D:3      | Found a hazy altar of Hepliaklqana.
  2838 | D:3      | Noticed a spectral ugly thing
  3094 | D:3      | Found a runed translucent door.
  3095 | D:3      | Noticed Crazy Yiuf
  3105 | D:3      | Killed Crazy Yiuf
  3145 | D:4      | Noticed a black bear
  3170 | D:3      | Killed a black bear
  3171 | D:3      | Reached skill level 1 in Dodging
  3255 | D:4      | Found a staircase to the Ecumenical Temple.
  3333 | D:4      | Reached XP level 7. HP: 44/44 MP: 7/7
  3359 | D:4      | Reached skill level 5 in Maces & Flails
  3456 | D:4      | Found a sacrificial altar of Ru.
  3651 | D:4      | Found an ornate altar of the Wu Jian Council.
  3786 | D:5      | Entered Level 5 of the Dungeon
  3802 | D:5      | Noticed Pikel
  3917 | D:5      | Found a hide-covered altar of Uskayaw.
  4158 | D:5      | Reached skill level 5 in Shields
  4180 | D:4      | Reached skill level 1 in Stealth
  4458 | D:5      | Found a runed translucent door.
  4460 | D:5      | Found a runed translucent door.
  4543 | D:5      | Killed Pikel
  4544 | D:5      | Reached skill level 5 in Fighting
  4544 | D:5      | Reached skill level 5 in Armour
  4544 | D:5      | Reached XP level 8. HP: 27/49 MP: 8/8
  5219 | D:5      | Reached XP level 9. HP: 42/54 MP: 9/9
  5361 | D:2      | Bought a shimmering ring mail for 135 gold pieces
  5361 | D:2      | Identified the +3 ring mail of Rucw {rC+ Will+ rCorr} (You
                  | bought it in a shop on level 2 of the Dungeon)
  5988 | D:6      | Noticed Grinder
  6012 | D:6      | Killed Grinder
  6623 | D:7      | Noticed Harold
  6658 | D:7      | HP: 2/55 [Harold/harpoon shot (10)]
  6664 | D:7      | Mangled by Harold

Illustrated notes

Levels and vault maps discovered:
D:1:      ebering_trefoil_3fold, layout_basic, basic_ecumenical_altar,
          hangedman_decor_points, minmay_liquid_box
D:2:      layout_basic, serial_shops, nicolae_square_shop, st_stairs_2
D:3:      layout_loops_ring, regret_index_temple_of_mockery,
          chequers_serial_rivers_small_a, minmay_quadrilaterals, uniq_ijyb,
          uniq_crazy_yiuf_cottage, uniq_sigmund
D:4:      layout_rooms, nicolae_wu_jian_immortal_techniques, lemuel_tele_altar,
          temple_hall
D:5:      lemuel_insect_pit, layout_gridville, eat_drink_and_be_merry_uskayaw,
          uniq_pikel
D:6:      layout_basic, uniq_grinder
D:7:      nicolae_whirlpool, layout_basic, led_sif_pool, nicolae_island_escapes,
          uniq_harold, uniq_maggie

Skill      XL: |  1  2  3  4  5  6  7  8  9 |
---------------+----------------------------+-----
Armour         | 4 5 6 |  6.6
Fighting       | 4 5 |  5.6
Maces & Flails | 4 6 7 |  7.3
Shields        | 4 5 6 7 |  7.4
Dodging        | 1 2 3 |  3.2
Stealth        | 1 |  1.3
Throwing       | |  0.9

Action                   |  1- 3 |  4- 6 |  7- 9 || total
-------------------------+-------+-------+-------++-------
Melee: Flail             |    18 |       |       ||    18
       Whip              |    70 |     6 |       ||    76
       Mace              |       |   135 |   334 ||   469
Throw: Stone             |       |     7 |       ||     7
       Dart              |       |       |    10 ||    10
  Use: Scroll            |       |     9 |     9 ||    18
       Potion            |       |       |     2 ||     2
Armor: Scale mail        |    45 |    93 |   219 ||   357
       Ring mail         |       |       |    82 ||    82
Dodge: Dodged            |    33 |    59 |   176 ||   268
Block: Buckler           |    19 |     7 |       ||    26
       Kite shield       |       |    66 |   315 ||   381
